 Dungeon Crawl Stone Soup version 0.26-a0-255-gd5f3108e62 (webtiles) character file.

Game seed: 8404491892864255831

133 drasked the Magician (level 4, -4/21 HPs)
             Began as a Spriggan Hedge Wizard on July 9, 2020.
             Killed from afar by Grinder (7 damage)
             ... with a puff of flame
             ... on level 3 of the Dungeon.
             The game lasted 00:05:38 (3314 turns).

drasked the Magician (Spriggan Hedge Wizard)        Turns: 3314, Time: 00:05:39

Health: -4/21      AC:  2    Str:  6    XL:     4   Next: 94%
Magic:  11/11      EV: 18    Int: 16    God:
Gold:   127        SH:  0    Dex: 15    Spells: 10/11 levels left

rFire    . . .     SeeInvis +   a - +0 dagger
rCold    . . .     Faith    .   (shield restricted)
rNeg     . . .     Spirit   .   b - +0 robe
rPois    .         Reflect  .   c - +0 hat
rElec    .         Harm     .   (no cloak)
rCorr    .                      (gloves unavailable)
MR       .....                  (boots unavailable)
Stlth    ++........             (no amulet)
HPRegen  0.07/turn              (no ring)
MPRegen  0.12/turn              (no ring)

@: very quick
A: very small, unfitting armour, see invisible, herbivore, speed 3, slow
metabolism 2
a: no special abilities


You were on level 3 of the Dungeon.
You were not hungry.

You visited 1 branch of the dungeon, and saw 3 of its levels.

You collected 127 gold pieces.

Inventory:

Hand Weapons
 a - a +0 dagger (weapon)
Missiles
 Q - 121 stones (quivered)
Armour
 b - a +0 robe (worn)
 c - a +0 hat (worn)
 o - a +2 hat
   (You found it on level 2 of the Dungeon)
Scrolls
 g - 8 scrolls of identify {unknown}
 h - a scroll of remove curse {unknown}
 l - a scroll of amnesia {unknown}
 n - a scroll of blinking {unknown}
 q - a scroll of teleportation {unknown}
Potions
 d - a potion of might {unknown}
 f - a potion of invisibility {unknown}
 i - 2 potions of ambrosia {unknown}
 j - a potion of berserk rage {unknown}
 k - a potion of heal wounds {unknown}
 m - a potion of mutation {unknown}
 p - a potion of haste {unknown}
Comestibles
 e - 6 rations


   Skills:
 - Level 3.0 Dodging
 - Level 3.0 Stealth
 - Level 4.0 Spellcasting
 + Level 3.6 Conjurations
   Level 0.7 Summonings
   Level 1.5 Translocations


You had 10 spell levels left.
You knew the following spells:

 Your Spells              Type           Power        Failure   Level
a - Magic Dart            Conj           ##..         3%          1

Your spell library contained the following spells:

 Spells                   Type           Power        Failure   Level
 Blink                    Tloc           N/A          14%         2
 Call Imp                 Summ           #.......     19%         2
 Conjure Flame            Conj/Fire      #.......     24%         3
 Slow                     Hex            #.......     26%         2
 Mephitic Cloud           Conj/Pois/Air  #.......     30%         3


Dungeon Overview and Level Annotations

Branches:
Dungeon (3/15)

Altars:

Annotations:
D:3 Grinder


Innate Abilities, Weirdness & Mutations

You are very small and have problems with some larger weapons.
You are too small for most types of armour.
You have supernaturally acute eyesight. (SInv)
You are a herbivore.
You cover ground extremely quickly.
You need to consume almost no food.


Message History

Aim: a worm (heavily wounded)
The magic dart hits the worm.
Aim: a worm (severely wounded)
The magic dart hits the worm.
Aim: a worm (severely wounded)
The magic dart hits the worm.
Aim: a worm (severely wounded)
The magic dart hits the worm.
Aim: a worm (severely wounded)
The magic dart hits the worm.
* * * LOW MAGIC WARNING * * *
Aim: a worm (almost dead)
The magic dart hits the worm but does no damage.
* * * LOW MAGIC WARNING * * *
Aim: a worm (severely wounded)
The magic dart hits the worm.
* * * LOW MAGIC WARNING * * *
Aim: a worm (almost dead)
The magic dart hits the worm.
You kill the worm!
* * * LOW MAGIC WARNING * * *
You can't see any susceptible monsters within range! (Use Z to cast anyway.)
You start resting.
g - 8 scrolls labeled QETUUHUUCW (gained 1)
A bat comes into view.
A bat is nearby!
A bat is nearby!
A bat is nearby!
Aim: a bat (asleep)
The magic dart hits the bat.
You kill the bat!
You can't see any susceptible monsters within range! (Use Z to cast anyway.)
You can't see any susceptible monsters within range! (Use Z to cast anyway.)
You start resting.
A ball python comes into view.
You see here a scroll labeled RENISMILUI.
A ball python is nearby!
Aim: a ball python (asleep)
The magic dart hits the ball python.
The ball python hisses angrily.
Aim: a ball python (severely wounded)
You miscast Magic Dart.
You are very lightly contaminated with residual magic.
Nothing appears to happen.
Aim: a ball python (severely wounded)
The magic dart hits the ball python.
You kill the ball python!
You can't see any susceptible monsters within range! (Use Z to cast anyway.)
You start resting.
A quokka comes into view.
A quokka is nearby!
A quokka is nearby!
Aim: a quokka (wandering, hasn't noticed you)
The magic dart hits the quokka but does no damage.
Aim: a quokka The magic dart hits the quokka.
Aim: a quokka (severely wounded)
You miscast Magic Dart.
Nothing appears to happen.
Aim: a quokka (severely wounded)
The magic dart hits the quokka.
You kill the quokka!
You can't see any susceptible monsters within range! (Use Z to cast anyway.)
You start resting.
Your magical contamination has completely faded away.
You start resting.
q - a scroll labeled RENISMILUI You now have 127 gold pieces (gained 14).
Found a stone staircase leading up.
A rat comes into view.
A rat is nearby!
A rat is nearby!
Aim: a rat (asleep)
The magic dart hits the rat but does no damage.
You start resting.
The rat is too close now for your liking.
Aim: a rat The magic dart hits the rat.
You kill the rat!
You can't see any susceptible monsters within range! (Use Z to cast anyway.)
You can't see any susceptible monsters within range! (Use Z to cast anyway.)
You start resting.
Grinder comes into view.
She is carrying a wand of flame (18).
Grinder shouts!
You see here 5 gold pieces.
Grinder is too close now for your liking.
Grinder blinks!
Memorise Blink, consuming 2 spell levels and leaving 8?
You start memorising the spell.
You continue memorising. x2
Grinder gestures at you.
Your memorisation is interrupted.
Pain shoots through your body!
Ouch! That really hurt!
* * * LOW HITPOINT WARNING * * *
Grinder zaps a wand.
The puff of flame hits you.
* * * LOW HITPOINT WARNING * * *
Grinder says, "I used to sell toenails on the black market."
Grinder zaps a wand.
The puff of flame hits you!
You die...

.................###......#
##...#####.##.#.<###......#
#...# #.##........######
#...# #.###.#.##### #...#
#.......# #...# #####.###
#.... #.######## #..#
#.#......# #..@..##.#
###.#.5.## #.##### #.....#
#######


You could see Grinder.

Levels and vault maps discovered:
D:1:      nicolae_arrival_somewhat_less_tricky_arrival, layout_loops_ring,
          minmay_hexomino_c4
D:2:      layout_basic, minmay_box_of_dots
D:3:      layout_loops_cross, chequers_ecumenical_altar_grove,
          uniq_crazy_yiuf_cottage, uniq_grinder, uniq_robin

Notes
Turn   | Place    | Note
-------+----------+-------------------------------------------
     0 | D:1      | drasked the Spriggan Hedge Wizard began the quest for the
                  | Orb.
     0 | D:1      | Reached XP level 1. HP: 9/9 MP: 6/6
    24 | D:1      | Identified a +0 club
   214 | D:1      | Reached skill level 1 in Conjurations
   406 | D:1      | Identified a +0 club
   409 | D:1      | Reached XP level 2. HP: 13/13 MP: 4/8
   629 | D:1      | Identified a cursed -3 dagger
   656 | D:1      | Reached skill level 2 in Conjurations
   854 | D:1      | Identified a +0 club
   979 | D:1      | Reached XP level 3. HP: 16/16 MP: 1/9
  1280 | D:1      | Identified a +0 dagger
  1311 | D:1      | Identified a +0 dagger
  1333 | D:1      | Identified a +0 whip
  1357 | D:1      | Identified a +0 club
  1458 | D:1      | Identified a +0 whip
  1778 | D:2      | Identified a cursed -2 club
  1778 | D:2      | Identified a +0 hunting sling
  1850 | D:2      | Identified a +0 club
  2272 | D:2      | Identified a +0 halberd
  2272 | D:2      | Identified a +0 spear
  2321 | D:2      | Reached skill level 3 in Conjurations
  2321 | D:2      | Reached XP level 4. HP: 19/21 MP: 0/11
  2785 | D:2      | Identified a +0 club
  2976 | D:3      | Identified a cursed -1 club
  3269 | D:3      | Noticed Grinder
  3308 | D:3      | HP: 2/21 [Grinder/puff of flame (5)]
  3314 | D:3      | Killed from afar by Grinder

Table legend:
 A = Turns spent in this place as a percentage of turns spent in the entire game.
 B = Non-inter-level travel turns spent in this place as a percentage of non-inter-level travel turns spent in the entire game.
 C = Inter-level travel turns spent in this place as a percentage of turns spent in this place.
 D = Turns resting spent in this place as a percentage of non-inter-level travel turns spent in this place.
 E = Turns spent auto-exploring this place as a percentage of non-inter-level travel turns spent in this place.
 F = Non-inter-level travel turns spent in this place divided by the number of levels of this place that you've seen.
                   A       B       C       D       E      F
               +-------+-------+-------+-------+-------+----------------------
         Total | 100.0 | 100.0 |   1.2 |  46.2 |  32.5 | 1091.7
       Dungeon | 100.0 | 100.0 |   1.2 |  46.2 |  32.5 | 1091.7
               +-------+-------+-------+-------+-------+----------------------

Table legend:
 A = Kills in this place as a percentage of kills in entire the game.
 B = Kills by you in this place as a percentage of kills by you in the entire game.
 C = Kills by friends in this place as a percentage of kills by friends in the entire game.
 D = Other kills in this place as a percentage of other kills in the entire game.
 E = Experience gained in this place as a percentage of experience gained in the entire game.
 F = Experience gained in this place divided by the number of levels of this place that you have seen.
                   A       B       C       D       E      F
               +-------+-------+-------+-------+-------+----------------------
         Total | 100.0 | 100.0 |   N/A |   N/A | 100.0 |  63.7
       Dungeon | 100.0 | 100.0 |   N/A |   N/A | 100.0 |  63.7
               +-------+-------+-------+-------+-------+----------------------

Skill      XL: |  1  2  3 |
---------------+----------+-----
Conjurations   | 1 2 3 |  3.6
Dodging        | |  3.0
Stealth        | |  3.0
Spellcasting   | |  4.0
Summonings     | |  0.7
Translocations | |  1.5

Action                   |  1- 3 |  4- 6 || total
-------------------------+-------+-------++-------
Melee: Dagger            |    30 |     7 ||    37
 Cast: Magic Dart        |   119 |    58 ||   177
 Stab: Sleeping          |       |     2 ||     2
Armor: Robe              |     8 |     1 ||     9
Dodge: Dodged            |    55 |    11 ||    66

Vanquished Creatures
  An iguana (D:2)
  3 gnolls (D:2)
  3 worms
  2 dart slugs (D:1)
  2 leopard geckos
  11 bats
  3 giant cockroaches (D:1)
  8 goblins
  7 hobgoblins
  5 kobolds (D:1)
  A quokka (D:3)
  2 ball pythons
  4 frilled lizards
  9 rats
61 creatures vanquished.
